Construct Infanterie Kompanie
Selects Luftwaffe Battlegroup
Selects Luftwaffe Pioneer Support
Fallschirmpioneer Squad Paradrop
Fallschirmpioneer Squad Paradrop
Selects Stuka Strafing Run
Construct Luftwaffe Kompanie
Luftwaffe Officer Quarters
Selects Fallschirmjäger Squad Paradrop
Construct Panzergrenadier Kompanie
Fallschirmpioneer Squad Paradrop
Nebelwerfer 42 Rocket Launcher Team
Panzergrenadier Officer Quarters
Construct Panzer Kompanie
Nebelwerfer 42 Rocket Launcher Team
Selects LG40 Recoilless Gun Paradrop
Selects Flak 36 Anti-tank Gun Emplacement
Nebelwerfer 42 Rocket Launcher Team